 Dungeon Sprint DCSS version 0.22.1-1-ga44c0e56f4 (webtiles) character file.

3135 MuseOD the Unseen (level 9, -2/52 HPs)
             Began as a Spriggan Enchanter on Sept 29, 2018.
             Was an Elder of Dithmenos.
             Slain by Dowan
             ... wielding a +2 morningstar of distortion
              (17 damage)
             ... in the Dungeon (Sprint III: "The Ten Rune Challenge").
             The game lasted 00:02:43 (661 turns).

MuseOD the Unseen (Spriggan Enchanter)               Turns: 661, Time: 00:02:44

Health: -2/52      AC:  6    Str:  4    XL:     9   Next: 61%
Magic:  14/25      EV: 18    Int: 19    God:    Dithmenos [****..]
Gold:   39         SH:  0    Dex: 17    Spells: 24/30 levels left

rFire    . . .     SeeInvis +   a - +1 dagger
rCold    . . .     Gourm    .   (shield restricted)
rNeg     + . .     Faith    .   c - +2 robe {rN+}
rPois    .         Spirit   .   p - +2 hat
rElec    .         Reflect  .   (no cloak)
rCorr    .         Harm     .   (gloves unavailable)
MR       +....     NoTele   +   (boots unavailable)
Stlth    +++++++++.             (no amulet)
HPRegen  0.17/turn              (no ring)
MPRegen  0.19/turn              (no ring)

@: slowed, wreathed by umbra, quick
A: very small, unfitting armour, see invisible, herbivore, speed 3, slow
metabolism 2
a: Shadow Step, Renounce Religion


You were in the Dungeon.
You worshipped Dithmenos.
Dithmenos was greatly pleased with you.
You were not hungry.

You visited 1 branch You collected 39 gold pieces.

Inventory:

Hand Weapons
 a - a +1 dagger (weapon)
Armour
 b - a +0 robe
 c - a +2 robe of positive energy (worn)
 p - a +2 hat (worn)
Scrolls
 j - a scroll of blinking
 k - 2 scrolls of immolation {unknown}
 l - 3 scrolls of remove curse
 m - 3 scrolls of identify
Potions
 f - a potion of heal wounds
 g - a potion of haste
 h - 2 potions of magic
 i - 2 potions of berserk rage
 n - 3 potions of flight
 o - 7 potions of mutation
Comestibles
 d - 4 rations


   Skills:
 + Level 8.4 Fighting
 * Level 14.8 Short Blades
 - Level 3.0 Dodging
 + Level 15.2 Stealth
 + Level 11.0 Spellcasting
 + Level 6.8 Hexes


You had 24 spell levels left.
You knew the following spells:

 Your Spells              Type           Power        Failure   Level  Hunger
a - Corona                Hex            #####..      1%          1    None
b - Ensorcelled Hibernat  Hex/Ice        ###...       2%          2    None
c - Confuse               Hex            #####...     1%          3    None

Your spell library contained the following spells:

 Spells                   Type           Power        Failure   Level  Hunger
 Confusing Touch          Hex            #####.       1%          1    None
 Tukima's Dance           Hex            #####...     1%          3    None
 Dazzling Spray           Conj/Hex       ###...       4%          3    None
 Spectral Weapon          Hex/Chrm       ###.....     4%          3    None
 Infusion                 Chrm           ##..         7%          1    None
 Shroud of Golubria       Chrm/Tloc      ##........   10%         2    None
 Song of Slaying          Chrm           ##......     10%         2    None
 Gell's Gravitas          Tloc           ##........   21%         3    None
 Regeneration             Chrm/Necr      ##........   21%         3    None
 Metabolic Englaciation   Hex/Ice        ###.......   41%         5    ####...
 Yara's Violent Unravell  Hex/Tmut       ###.......   41%         5    ####...
 Petrify                  Tmut/Erth      ##......     54%         4    ##.....


Dungeon Overview and Level Annotations

Branches:
Dungeon (1/1)

Altars:
Dithmenos
Elyvilon
Kikubaaqudgha
Okawaru
Ru
Sif Muna
Trog
Uskayaw
Vehumet
Wu Jian
Yredelemnul
Zin
The Shining One
Beogh

Annotations:
D Dowan


Innate Abilities, Weirdness & Mutations

You are very small and have problems with some larger weapons.
You are too small for most types of armour.
You have supernaturally acute eyesight. (SInv)
You are a herbivore.
You cover ground extremely quickly.
You need to consume almost no food.


Message History

Okay, then.
Dowan struggles against the net.
Dowan struggles against the net.
Dowan struggles against the net. x2
The net rips apart, and Dowan comes free!
You hit Dowan but do no damage.
You are too injured to fight recklessly!
You are too injured to fight recklessly!
You are too injured to fight recklessly!
You are too injured to fight recklessly!
You are too injured to fight recklessly!
You are too injured to fight recklessly!
You catch the helpless Dowan completely off-guard!
You perforate Dowan like a sieve!!!
Dowan is heavily wounded.
Dowan hits you with a morningstar of distortion.
* * * LOW HITPOINT WARNING * * *
You feel a strange sense of stasis. Dowan hits you but does no damage.
Space warps horribly around you!
You die...

# # # # # #
#+#####################
#...)#.#.#.....#e...†.+
##.#..#.##)###.#@.....#
'##)#.#.##.#).##......#
#...#.)#..##.)'.......#
▓▓▓▓▓▓▓▓▓▓▓▓▓▓#(......#
#..^....# +†......#
#.......# ##(######
#((.+


You could see Dowan (confused).

Vanquished Creatures
  Erolcha (D)
  A deep elf mage (D)
  Duvessa (D)
  2 redbacks (D)
  A shadow (D)
  A necrophage (D)
  5 two-headed ogres (D)
  A scorpion (D)
  A jelly (D)
  A wizard (D)
  Jessica (D)
  A necromancer (D)
  3 humans (D)
  A kobold demonologist (D)
  2 oozes (D)
  A rat (D)
24 creatures vanquished.

Vanquished Creatures (others)
  2 draconian scorchers (D)
  6 hellions (D)
  A yaktaur (D)
9 creatures vanquished.

Grand Total: 33 creatures vanquished

Notes
Turn   | Place    | Note
-------+----------+-------------------------------------------
     0 | D        | MuseOD the Spriggan Enchanter began the quest for the Orb.
     0 | D        | Reached XP level 1. HP: 9/9 MP: 5/5
     4 | D        | Reached skill level 1 in Fighting
     4 | D        | Reached skill level 5 in Stealth
     7 | D        | Reached XP level 2. HP: 14/14 MP: 6/6
    11 | D        | Learned a level 2 spell: Ensorcelled Hibernation
    14 | D        | Noticed Jessica
    21 | D        | Killed Jessica
    21 | D        | Reached skill level 6 in Stealth
    21 | D        | Reached XP level 3. HP: 15/19 MP: 5/8
    90 | D        | Reached skill level 5 in Short Blades
    90 | D        | Reached skill level 7 in Stealth
    95 | D        | Learned a level 3 spell: Confuse
   101 | D        | Noticed a scorpion
   108 | D        | Killed a scorpion
   108 | D        | Reached skill level 8 in Stealth
   108 | D        | Reached XP level 4. HP: 24/24 MP: 9/9
   137 | D        | Noticed a water elemental
   145 | D        | Killed a hellion
   147 | D        | Killed a hellion
   165 | D        | Found a basalt altar of Yredelemnul.
   165 | D        | Found a shadowy altar of Dithmenos.
   165 | D        | Found a sacrificial altar of Ru.
   165 | D        | Noticed a necrophage
   168 | D        | Killed a necrophage
   168 | D        | Reached skill level 9 in Stealth
   168 | D        | Reached XP level 5. HP: 30/30 MP: 10/13
   172 | D        | Became a worshipper of Dithmenos the Shadowed
   198 | D        | Found a glowing silver altar of Zin.
   198 | D        | Found a glowing golden altar of the Shining One.
   198 | D        | Found a white marble altar of Elyvilon.
   198 | D        | Noticed a deep elf mage
   201 | D        | Killed a deep elf mage
   201 | D        | Reached skill level 5 in Fighting
   201 | D        | Reached skill level 11 in Stealth
   201 | D        | Reached XP level 6. HP: 36/36 MP: 14/17
   201 | D        | Reached XP level 7. HP: 39/39 MP: 14/18
   228 | D        | Found a radiant altar of Vehumet.
   229 | D        | Found a deep blue altar of Sif Muna.
   229 | D        | Found an ancient bone altar of Kikubaaqudgha.
   232 | D        | Reached * piety under Dithmenos
   232 | D        | Reached skill level 12 in Stealth
   245 | D        | Found a hide-covered altar of Uskayaw.
   245 | D        | Found a roughly hewn altar of Beogh.
   245 | D        | Found an iron altar of Okawaru.
   245 | D        | Found a bloodstained altar of Trog.
   245 | D        | Found an ornate altar of the Wu Jian Council.
   245 | D        | Noticed a human
   245 | D        | Noticed a human
   252 | D        | Killed a human
   258 | D        | Killed a human
   264 | D        | Killed a hellion
   265 | D        | Killed a hellion
   289 | D        | Killed a hellion
   309 | D        | Killed a white draconian scorcher
   320 | D        | Noticed a shadow
   322 | D        | Killed a shadow
   322 | D        | Reached ** piety under Dithmenos
   322 | D        | Reached skill level 13 in Stealth
   322 | D        | Reached XP level 8. HP: 45/45 MP: 19/21
   334 | D        | Killed a yaktaur
   360 | D        | Reached *** piety under Dithmenos
   424 | D        | Killed a hellion
   425 | D        | Killed a white draconian scorcher
   541 | D        | Noticed a two-headed ogre
   559 | D        | Killed a two-headed ogre
   602 | D        | Noticed a two-headed ogre
   602 | D        | Noticed Erolcha
   604 | D        | Killed Erolcha
   604 | D        | Reached skill level 14 in Stealth
   604 | D        | Reached skill level 10 in Spellcasting
   604 | D        | Reached skill level 5 in Hexes
   604 | D        | Reached XP level 9. HP: 51/51 MP: 22/24
   605 | D        | Killed a two-headed ogre
   610 | D        | Reached **** piety under Dithmenos
   615 | D        | Reached skill level 15 in Stealth
   625 | D        | Noticed Dowan
   625 | D        | Noticed Duvessa
   650 | D        | Killed Duvessa
   661 | D        | Slain by Dowan

Skill      XL: |  1  2  3  4  5  6  7  8  9 |
---------------+----------------------------+-----
Fighting       | 1 2 3 4 5 6 7 8 |  8.4
Short Blades   | 3 4 7 8 11 12 14 | 14.8
Stealth        | 5 6 8 9 11 13 14 15 | 15.2
Spellcasting   | 4 7 8 10 11 | 11.0
Hexes          | 5 6 |  6.8
Dodging        | |  3.0

Action                   |  1- 3 |  4- 6 |  7- 9 || total
-------------------------+-------+-------+-------++-------
Melee: Dagger            |     6 |     3 |    52 ||    61
 Cast: Ensorcelled Hiber |     1 |       |       ||     1
       Confuse           |       |       |    16 ||    16
  Use: Potion            |       |       |     1 ||     1
 Stab: Sleeping          |     6 |     3 |     8 ||    17
       Confused          |       |       |    12 ||    12
Armor: Robe              |       |       |     1 ||     1
Dodge: Dodged            |       |     1 |    21 ||    22
